 Dungeon Crawl Stone Soup version 0.30.1-3-gfc49f6343a (webtiles) character file.

Game seed: 9550787349025795820

107 thotpolice the Poker (level 4, -1/40 HPs)
             Began as a Merfolk Berserker on Aug 7, 2023.
             Was a Believer of Trog.
             Slain by a gnoll
             ... wielding a +0 halberd
              (3 damage)
             ... on level 3 of the Dungeon.
             The game lasted 00:08:35 (2091 turns).

thotpolice the Poker (Merfolk Berserker)            Turns: 2091, Time: 00:08:35

Health: -1/40      AC:  7    Str: 17    XL:     4   Next: 86%
Magic:  4/4        EV:  6    Int:  6    God:    Trog [**....]
Gold:   119        SH:  0    Dex: 15    Spells: 3/3 levels left

rFire   . . .        a - +0 spear
rCold   . . .        (no shield)
rNeg    . . .        s - +0 ring mail
rPois   .            (no helmet)
rElec   .            l - +0 cloak
rCorr   .            (no gloves)
SInv    .            h - +0 pair of boots
Will    ++...        (no amulet)
Stlth   +            r - ring of willpower
HPRegen 0.26/turn    (no ring)
MPRegen 0.09/turn

%: no passive effects
@: held, hasted, very quick
A: (nimble swimmer 2), mertail, strong-willed 1, robust 1
a: Renounce Religion, Berserk, Trog's Hand


You were on level 3 of the Dungeon.
You worshipped Trog.
Trog was pleased with you.
You visited 1 branch of the dungeon, and saw 3 of its levels.

You collected 119 gold pieces.

Inventory:

Hand Weapons
 a - a +0 spear (weapon)
Missiles
 g - 11 silver javelins (quivered)
 q - a throwing net
Armour
 b - a +0 animal skin
 h - a +0 pair of boots (worn)
 j - a +0 leather armour
 l - a +0 cloak (worn)
 s - a +0 ring mail (worn)
Jewellery
 i - an amulet of faith
 k - an amulet of faith
 r - a ring of willpower (left hand)
Scrolls
 d - 2 scrolls of teleportation {unknown}
 e - a scroll of blinking {unknown}
 f - a scroll of identify {unknown}
 n - a scroll of torment {unknown}
 o - a scroll of enchant armour {unknown}
 p - 2 scrolls of noise {unknown}


   Skills:
 + Level 4.0 Fighting
 + Level 5.3 Polearms
 + Level 1.9 Armour
 + Level 3.4 Dodging
 + Level 1.3 Stealth


You had 3 spell levels left.
You didn't know any spells.
Your spell library was empty.

Dungeon Overview and Level Annotations

Branches:
Dungeon (3/15)

Altars:

Annotations:
D:3 3 runed translucent doors, Jim1488's ghost, amateur TrFi


Innate Abilities, Weirdness & Mutations

((You are very nimble when in or above water. (Stealth+, EV+, Speed+++)))
Your lower body shifts to a powerful aquatic tail in water.
You are strong-willed. (Will+)
You are robust. (+10% HP)


Message History

The hobgoblin hits you but does no damage.
You hit the hobgoblin.
You kill the hobgoblin!
Trog accepts your kill.
No target in view!
A gnoll comes into view. It is wielding a +0 halberd.
The gnoll shouts!
You hear a shout!
A gnoll comes into view. It is wielding a +0 halberd.
The gnoll shouts!
A gnoll comes into view. It is wielding a +0 halberd.
The gnoll hits you from afar with a +0 halberd.
You reach to attack!
You puncture the gnoll!
The gnoll is heavily wounded.
The gnoll hits you from afar with a +0 halberd!
You reach to attack!
You hit the gnoll.
You kill the gnoll!
Trog accepts your kill.
You reach to attack!
You hit the gnoll.
The gnoll is moderately wounded.
The gnoll throws a throwing net.
The throwing net hits you.
You become entangled in the net!
You are held in a net!
You are held in a net!
You are held in a net!
You struggle against the net.
The gnoll hits you but does no damage.
You struggle against the net.
The gnoll hits you from afar with a +0 halberd!
The gnoll hits you but does no damage.
You are too injured to fight recklessly!
You are too injured to fight recklessly!
You are too injured to fight recklessly!
You are too injured to fight recklessly!
It was a potion of mutation.
You feel extremely strange.
You feel robust.
You feel strong-willed.
The gnoll hits you from afar with a +0 halberd!
* * * LOW HITPOINT WARNING * * *
The gnoll barely misses you.
It was a potion of haste.
You feel yourself speed up.
The gnoll hits you from afar with a +0 halberd.
You die...

###
###.##########
#.......g..... #
#...@.g.....
#.#.##########
#####.#.#########
.................
...##'#..########
#.....# #.....#
#.....########
#............#


You could see 2 gnolls.

Vanquished Creatures
  A gnoll (D:3)
  4 adders (D:2)
  2 worms (D:3)
  2 dart slugs
  3 orcs (D:3)
  4 ball pythons
  8 endoplasms
  4 giant cockroaches
  6 hobgoblins
  2 kobolds
  4 quokkas
  3 bats (D:2)
  A frilled lizard (D:1)
  A rat (D:2)
45 creatures vanquished.

Notes
Turn   | Place    | Note
-------+----------+-------------------------------------------
     0 | D:1      | thotpolice the Merfolk Berserker began the quest for the
                  | Orb.
     0 | D:1      | Reached XP level 1. HP: 18/18 MP: 1/1
   150 | D:1      | Reached XP level 2. HP: 18/24 MP: 2/2
   800 | D:2      | Reached XP level 3. HP: 27/30 MP: 3/3
   946 | D:2      | Reached ** piety under Trog
  1050 | D:2      | Reached skill level 1 in Stealth
  1050 | D:2      | Reached XP level 4. HP: 11/37 MP: 4/4
  1275 | D:2      | Reached skill level 5 in Polearms
  1899 | D:3      | Noticed Jim1488's ghost (amateur TrFi)
  2044 | D:3      | Found a runed translucent gate.
  2044 | D:3      | Found a runed translucent gate.
  2044 | D:3      | Found a runed translucent gate.
  2090 | D:3      | Gained mutation: You are robust. (+10% HP) [potion of
                  | mutation]
  2090 | D:3      | Gained mutation: You are strong-willed. (Will+) [potion of
                  | mutation]
  2090 | D:3      | HP: 2/40 [gnoll/+0 halberd (11)]
  2091 | D:3      | Slain by a gnoll

Illustrated notes

Levels and vault maps discovered:
D:1:      psy_arrival_spokes, layout_rooms, serial_corexii_hall,
          corexii_hall_statues_s, corexii_hall_statues_l,
          corexii_hall_statues_t, corexii_hall_statues_s,
          chequers_hall_statues_wall_a, chequers_hall_statues_wall_a,
          dreamdust_princess_corridor, minmay_misc_feat_room
D:2:      layout_rooms, minmay_tromino_v2
D:3:      layout_basic, gammafunk_ghost_icy, minmay_box_of_dots

Skill      XL: |  1  2  3  4 |
---------------+-------------+-----
Dodging        | 3 |  3.4
Fighting       | 4 |  4.0
Stealth        | 1 |  1.3
Polearms       | 5 |  5.3
Armour         | |  1.9

Action                     |  1- 3 |  4- 6 || total
---------------------------+-------+-------++-------
  Melee: Spear             |    97 |    86 ||   183
         Punch             |     1 |     1 ||     2
    Use: Potion            |       |     2 ||     2
   Stab: Sleeping          |     2 |       ||     2
 Armour: Animal skin       |     2 |       ||     2
         Leather armour    |    18 |     9 ||    27
         Ring mail         |       |     9 ||     9
  Dodge: Dodged            |    35 |    32 ||    67
